 Dungeon Crawl Stone Soup version 0.26.0-45-g9c1d065592 (webtiles) character file.

Game seed: 5421530972310738646

120428 trckry the Sharpshooter (level 16, -7/99 HPs)
             Began as a Tengu Hunter on Jan 27, 2021.
             Was the Champion of Okawaru.
             Mangled by Agnes
             ... wielding a +0 lajatang of electrocution
              (13 damage)
             ... on level 14 of the Dungeon.
             The game lasted 01:35:13 (27370 turns).

trckry the Sharpshooter (Tengu Hunter)             Turns: 27370, Time: 01:35:14

Health: -7/99      AC: 31    Str: 28    XL:     16   Next: 82%
Magic:  24/24      EV: 16    Int: 16    God:    Okawaru [******]
Gold:   1201       SH:  0    Dex: 13    Spells: 15/15 levels left

rFire    . . .     SeeInvis .   a - +2 triple crossbow (flame)
rCold    . . .     Faith    .   (shield currently unavailable)
rNeg     . . .     Spirit   .   C - +9 plate armour of Betetz {Regen+ rCorr Str+9 Dex-4}
rPois    .         Reflect  .   S - +2 hat {Int+3}
rElec    .         Harm     .   P - +0 cloak {Will+}
rCorr    +         Rampage  .   z - +2 pair of gloves {Dex+3}
Will     +++..                  (boots unavailable)
Stlth    ..........             v - amulet of regeneration
HPRegen  1.06/turn              r - ring of willpower
MPRegen  0.19/turn              Y - +4 ring of slaying

@: flying quickly and evasively, quick
A: beak, talons 3, able to fly
a: Stop Flying, Renounce Religion, Heroism, Finesse


You were on level 14 of the Dungeon.
You worshipped Okawaru.
Okawaru was exalted by your worship.
You visited 4 branches of the dungeon, and saw 23 of its levels.
You visited 1 bazaar.
You also visited: Gauntlet and Ice Cave.

You collected 2429 gold pieces.
You spent 1228 gold pieces at shops.

Inventory:

Hand Weapons
 a - a +2 triple crossbow of flaming (weapon)
 b - a +4 spectral quarterstaff
Missiles
 d - 246 bolts (quivered ammo)
 f - 58 poisoned darts
Armour
 z - a +2 pair of gloves of dexterity (worn)
 C - the +9 plate armour of Betetz (worn) {Regen+ rCorr Str+9 Dex-4}
   (Okawaru gifted it to you on level 6 of the Lair of Beasts)

   It affects your strength (+9).
   It affects your dexterity (-4).
   It increases your rate of regeneration.
   It provides partial protection from all sources of acid and corrosion.
 E - a +1 cloak of cold resistance
 P - a +0 cloak of willpower (worn)
 S - a +2 hat of intelligence (worn)
Jewellery
 q - an uncursed ring of poison resistance
 r - a ring of willpower (left hand)
 s - an uncursed ring of protection from fire
 v - an amulet of regeneration (around neck)
 B - an uncursed ring of see invisible
 F - an uncursed ring of fire
 J - an uncursed ring of resist corrosion
 L - an uncursed ring of ice
 Y - a +4 ring of slaying (right hand)
Wands
 c - a wand of enslavement (7)
 m - a wand of paralysis (46)
 u - a wand of disintegration (36)
 y - a wand of random effects (53)
 D - a wand of digging (18)
 K - a wand of flame (33)
 R - a wand of acid (30)
 V - a wand of iceblast (11)
Scrolls
 e - 15 scrolls of identify
 h - 12 scrolls of teleportation
 i - 6 scrolls of remove curse
 l - 6 scrolls of fog
 o - 6 scrolls of enchant weapon
 t - 2 scrolls of magic mapping
 O - 3 scrolls of enchant armour
 U - a scroll of immolation
 Z - a scroll of summoning
Potions
 j - 5 potions of curing
 k - 3 potions of heal wounds
 n - 7 potions of mutation
 A - 4 potions of haste
 G - 4 potions of might
 I - a potion of berserk rage
 T - a potion of resistance
Miscellaneous
 w - a box of beasts
 W - a phial of floods


   Skills:
 + Level 10.8 Fighting
 - Level 14.0 Staves
 * Level 15.5 Crossbows
 + Level 11.6 Armour
 + Level 10.8 Dodging
 - Level 1.0 Stealth
 + Level 9.9 Invocations
 + Level 10.7 Evocations


You had 15 spell levels left.
You didn't know any spells.
Your spell library contained the following spells:

 Spells                   Type           Power        Failure   Level
 Animate Skeleton         Necr           0%           88%         1
 Corona                   Hex            0%           88%         1
 Magic Dart               Conj           0%           88%         1
 Pain                     Necr           0%           88%         1
 Shock                    Conj/Air       0%           88%         1
 Blink                    Tloc           N/A          95%         2
 Corpse Rot               Necr/Air       N/A          95%         2
 Searing Ray              Conj           0%           95%         2
 Slow                     Hex            0%           95%         2
 Swiftness                Air            0%           95%         2
 Confusing Touch          Hex            0%           99%         3
 Dazzling Flash           Conj/Hex       0%           99%         3
 Gell's Gravitas          Tloc           0%           99%         3
 Ignite Poison            Fire/Tmut/Pois 0%           99%         3
 Inner Flame              Hex/Fire       0%           99%         3
 Lesser Beckoning         Tloc           0%           99%         3
 Portal Projectile        Hex/Tloc       0%           99%         3
 Static Discharge         Conj/Air       0%           99%         3
 Stone Arrow              Conj/Erth      0%           99%         3
 Teleport Other           Tloc           0%           99%         3
 Vampiric Draining        Necr           0%           99%         3
 Airstrike                Air            0%           100%        4
 Animate Dead             Necr           0%           100%        4
 Cause Fear               Hex            0%           100%        4
 Fulminant Prism          Conj/Hex       0%           100%        4
 Iskenderun's Mystic Bla  Conj/Tloc      0%           100%        4
 Leda's Liquefaction      Hex/Erth       0%           100%        4
 Passage of Golubria      Tloc           N/A          100%        4
 Petrify                  Tmut/Erth      0%           100%        4
 Agony                    Necr           0%           100%        5
 Fireball                 Conj/Fire      0%           100%        5
 Lightning Bolt           Conj/Air       0%           100%        5
 Metabolic Englaciation   Hex/Ice        0%           100%        5
 Summon Forest            Summ/Tloc      0%           100%        5
 Yara's Violent Unravell  Hex/Tmut       0%           100%        5
 Eringya's Noxious Bog    Tmut/Pois      0%           100%        6
 Hydra Form               Tmut           0%           100%        6
 Starburst                Conj/Fire      0%           100%        6
 Summon Hydra             Summ           0%           100%        7
 Ignition                 Fire           0%           100%        8


Dungeon Overview and Level Annotations

Branches:
Dungeon (14/15)            Temple (1/1) D:5            Lair (6/6) D:8
 Shoals (0/4) Lair:3       Spider (0/4) Lair:4        Slime (0/5) Lair:6
    Orc (2/2) D:12            Elf (0/3) Orc:2        Vaults (0/5) D:13
  IceCv (visited)         Gauntlet (visited)

Altars:
Ashenzari
Cheibriados
Dithmenos
Elyvilon
Fedhas
Gozag
Hepliaklqana
Kikubaaqudgha
Makhleb
Nemelex Xobeh
Okawaru
Qazlal
Ru
Sif Muna
Trog
Uskayaw
Vehumet
Wu Jian
Xom
Yredelemnul
Zin
The Shining One
Beogh
Jiyva

Shops:
D:9 !   D:10 *   Orc:2 *?}=

Annotations:
D:8 2 transporters, fiver49's ghost, novice DsDe
D:10 exclusion: door
D:14 3 runed translucent doors, Agnes; Uqorphet's ghost, journeyman DECj


Innate Abilities, Weirdness & Mutations

You have a beak for a mouth.
You have claws for feet.
You can fly continuously.


Message History

Agnes is lightly wounded.
Agnes hits you but does no damage.
You are electrocuted!
Fire: 248 bolts
Press: ? - help, Q - select action, (/) - cycle Shift-Dir - straight line, f/p - fire dragon
Aim: a fire dragon (heavily wounded, 78% to hit)
You shoot a bolt. The bolt misses Agnes.
The bolt hits the fire dragon!
The fire dragon is heavily wounded.
Agnes closely misses you. Agnes barely misses you.
Fire: 247 bolts
Press: ? - help, Q - select action, (/) - cycle Shift-Dir - straight line, f/p - fire dragon
Aim: a fire dragon (heavily wounded, 77% to hit)
You shoot a bolt. The bolt barely misses Agnes.
The bolt hits the fire dragon.
The fire dragon is severely wounded.
Agnes hits you with a +0 lajatang of electrocution!
You are electrocuted!
* * * LOW HITPOINT WARNING * * *
Agnes hits you with a +0 lajatang of electrocution!
* * * LOW HITPOINT WARNING * * *
You are electrocuted!
You die...

.#+#####.................
#.................
#.................
#.................
##............#####
#.(#########..#.... ##D#
#..#.... #i# #..#.... #@#
#..#....
######.#########..#....
...................#>...
...................#..##
..............(....#..#.
....###########....##'#.
.... #......... ...
#......... .. #.........


You could see Agnes and a fire dragon.

Vanquished Creatures
  Jorgrun (D:12)
  A frost giant (IceCv)
  Louise (D:14)
  Nessos (D:14)
  A minotaur (Gauntlet)
  The ghost of Hehehe the Cleaver, a journeyman DDFi of Makhleb (Orc:2)
  2 dire elephants (Lair:4)
  An ettin (Orc:2)
  A fire dragon (Lair:6)
  A boulder beetle (D:14)
  Erolcha (D:11)
  3 catoblepae
  12 hydras
  4 ogre magi
  3 centaur warriors
  24 two-headed ogres
  2 skeletal warriors (D:14)
  An unseen horror (D:13)
  5 wizards
  A lindwurm (Lair:6)
  An orc knight (Orc:2)
  A wolf spider (D:10)
  7 ugly things
  An orc sorcerer (Orc:2)
  A moth of wrath (Orc:2)
  A shining eye (Gauntlet)
  9 deep elf magi
  A centaur zombie (D:13)
  A cyclops (D:13)
  A worldbinder (Gauntlet)
  2 merfolk sirens (Lair:3)
  24 elephants
  An ice statue (IceCv)
  8 black mambas
  18 cane toads
  3 molten gargoyles (Lair:6)
  A gargoyle (D:10)
  3 rime drakes
  9 komodo dragons
  3 trolls
  A merfolk (Lair:3)
  4 meliai
  A jumping spider (Lair:4)
  22 polar bears
  A wolf spider simulacrum (D:14)
  4 dream sheep (Lair:4)
  7 slime creatures (D:13)
  3 blink frogs (Lair:6)
  A centaur simulacrum (D:13)
  A redback (Lair:4)
  11 spriggans (Lair:2)
  A shadow (D:10)
  8 wyverns
  63 yaks
  A vampire (D:13)
  9 basilisks
  2 steam dragons
  2 golden eyes
  A vampire mosquito (D:14)
  2 acid dragons
  18 water moccasins
  15 ice beasts
  9 orc warriors
  3 hell hounds (Lair:6)
  A hornet zombie (D:11)
  3 black bears
  A floating eye (Gauntlet)
  3 necrophages
  A sky beast (D:14)
  5 phantoms
  An eye of draining (D:10)
  A boggart (Gauntlet)
  12 centaurs
  34 wolves
  23 ogres
  2 big kobolds (D:7)
  A wyvern zombie (D:11)
  20 bullfrogs
  3 scorpions
  51 killer bees
  12 wights
  A bullfrog zombie (D:13)
  6 howler monkeys
  4 jellies
  6 lava snakes
  Crazy Yiuf (D:6)
  5 hounds
  2 bullfrog skeletons
  11 orc priests
  19 orc wizards
  3 centaur skeletons
  4 iguanas
  9 worker ants
  2 worker ant zombies
  19 adders
  2 shadow imps
  3 white imps
  3 ufetubi
  An ooze (D:5)
  3 adder skeletons
  An adder zombie (D:7)
  3 worms
  A dart slug (D:4)
  5 leopard geckos
  60 orcs
  9 giant cockroaches
  9 hobgoblins
  10 jackals
  3 quokkas
  9 bats
  5 frilled lizards
  6 goblins
  21 kobolds
  A quokka skeleton (D:6)
  A quokka zombie (D:8)
  8 rats
783 creatures vanquished.

Vanquished Creatures (collateral kills)
  A hydra (D:11)
1 creature vanquished.

Vanquished Creatures (others)
  40 fungi
  40 plants
  7 toadstools (Lair:4)
87 creatures vanquished.

Grand Total: 871 creatures vanquished

Notes
Turn   | Place    | Note
-------+----------+-------------------------------------------
     0 | D:1      | trckry the Tengu Hunter began the quest for the Orb.
     0 | D:1      | Reached XP level 1. HP: 12/12 MP: 2/2
   193 | D:1      | Reached XP level 2. HP: 11/17 MP: 3/3
   933 | D:1      | Reached XP level 3. HP: 17/21 MP: 4/4
  1361 | D:2      | Reached skill level 1 in Armour
  1492 | D:2      | Reached skill level 1 in Evocations
  1614 | D:2      | Reached skill level 1 in Invocations
  1644 | D:2      | Reached XP level 4. HP: 26/26 MP: 5/5
  1649 | D:2      | Reached skill level 5 in Crossbows
  1809 | D:2      | Gained mutation: You can fly continuously. [Tengu growth]
  1809 | D:2      | Reached XP level 5. HP: 8/31 MP: 6/6
  2109 | D:2      | Found an ornate altar of the Wu Jian Council.
  2294 | D:2      | Found a faded altar of an unknown god.
  2880 | D:3      | Found a sacrificial altar of Ru.
  3307 | D:4      | Reached XP level 6. HP: 33/36 MP: 8/8
  3370 | D:4      | HP: 5/36 [poisoned by a scorpion]
  3376 | D:4      | HP: 3/36 [poisoned by a scorpion]
  3384 | D:4      | HP: 2/36 [poisoned by a scorpion]
  3392 | D:4      | HP: 1/36 [poisoned by a scorpion]
  4555 | D:4      | Reached skill level 6 in Crossbows
  4621 | D:4      | Noticed a phantom
  4643 | D:4      | Killed a phantom
  4644 | D:4      | Reached XP level 7. HP: 33/41 MP: 9/9
  5604 | D:5      | Entered Level 5 of the Dungeon
  5786 | D:5      | Found a staircase to the Ecumenical Temple.
  5794 | Temple   | Entered the Ecumenical Temple
  5859 | Temple   | Became a worshipper of Warmaster Okawaru
  6295 | D:5      | Found a bloodstained altar of Trog.
  6397 | D:5      | Found a burning altar of Makhleb.
  6397 | D:5      | Noticed an Executioner
  6400 | D:5      | Noticed a hellwing
  6400 | D:5      | Noticed an orange demon
  6739 | D:5      | Found an ornate altar of the Wu Jian Council.
  7155 | D:6      | Reached * piety under Okawaru
  7333 | D:6      | Reached XP level 8. HP: 48/48 MP: 11/11
  7476 | D:6      | Reached skill level 7 in Crossbows
  7959 | D:6      | Found a runed translucent door.
  7960 | D:6      | Noticed Crazy Yiuf
  8069 | D:6      | Killed Crazy Yiuf
  8558 | D:6      | Reached skill level 9 in Crossbows
  8558 | D:6      | Reached skill level 5 in Invocations
  8558 | D:6      | Reached skill level 5 in Evocations
  8558 | D:6      | Reached XP level 9. HP: 55/55 MP: 11/13
  8697 | D:7      | Reached ** piety under Okawaru
  8733 | D:7      | You are sucked into a shaft and drop 1 floor!
  8765 | D:8      | Noticed a two-headed ogre
  9023 | D:7      | Reached XP level 10. HP: 60/60 MP: 15/15
  9453 | D:8      | Killed a two-headed ogre
  9453 | D:8      | Reached *** piety under Okawaru
  9454 | D:8      | Reached skill level 5 in Dodging
  9714 | D:8      | Found a staircase to the Lair.
  9718 | D:8      | Found a snail-covered altar of Cheibriados.
  9787 | D:8      | Received a gift from Okawaru
  9880 | D:8      | Noticed fiver49's ghost (novice DsDe)
  9896 | D:8      | Found a transporter.
  9900 | D:8      | Found a transporter.
 10210 | D:9      | Found an opulent altar of Gozag.
 10339 | D:9      | Found a radiant altar of Vehumet.
 10512 | D:9      | Found Niycwawa's Distillery.
 10533 | D:9      | Bought a potion of heal wounds for 60 gold pieces
 10787 | D:10     | Entered Level 10 of the Dungeon
 10798 | D:10     | Noticed a gargoyle
 10811 | D:10     | Killed a gargoyle
 10840 | D:10     | Noticed a two-headed ogre
 10972 | D:10     | Killed a two-headed ogre
 10972 | D:10     | Reached **** piety under Okawaru
 10973 | D:10     | Reached skill level 10 in Crossbows
 10973 | D:10     | Reached XP level 11. HP: 66/66 MP: 16/16
 11072 | D:10     | Found Atuiba's General Store.
 11709 | D:10     | Noticed a wolf spider
 11715 | D:10     | Killed a wolf spider
 11715 | D:10     | Received a gift from Okawaru
 11735 | D:10     | Identified the cursed +0 storm dragon scales of the Orb
                  | {rElec rF+ Str+4 Dex+3} (You found it on level 10 of the
                  | Dungeon)
 11754 | D:10     | Noticed a boulder beetle
 11996 | D:11     | Noticed a four-headed hydra
 12004 | D:11     | Killed a four-headed hydra
 12024 | D:11     | Found a flickering gateway to a bazaar.
 12030 | Bazaar   | Entered a bazaar
 12054 | Bazaar   | Found Weappy's General Store.
 12064 | Bazaar   | Found Qiqoll's Magic Scroll Boutique.
 12078 | Bazaar   | Found Vugoisyi's Antique Weapon Shoppe.
 12082 | Bazaar   | Found Kocsif's General Store.
 12111 | Bazaar   | Bought a wand of paralysis (7) for 63 gold pieces
 12111 | Bazaar   | Bought a scroll of blinking for 52 gold pieces
 12120 | Bazaar   | Bought a scroll of blinking for 112 gold pieces
 12120 | Bazaar   | Bought a scroll of teleportation for 45 gold pieces
 12210 | D:11     | Reached ***** piety under Okawaru
 12211 | D:11     | Noticed a purple ugly thing
 12219 | D:11     | Killed a purple ugly thing
 12219 | D:11     | Received a gift from Okawaru
 12595 | D:11     | Noticed Erolcha
 12613 | D:11     | Killed Erolcha
 12702 | D:11     | Noticed a two-headed ogre
 13054 | D:11     | Killed a two-headed ogre
 13099 | D:12     | Reached XP level 12. HP: 72/72 MP: 17/17
 13268 | D:12     | Found a gate leading to a gauntlet.
 13275 | Gauntlet | Entered a Gauntlet
 13275 | Gauntlet | Found a transporter.
 13284 | Gauntlet | Found a runed translucent door.
 13287 | Gauntlet | Found a transporter.
 13293 | Gauntlet | Found a runed translucent gate.
 13293 | Gauntlet | Found a runed translucent gate.
 13293 | Gauntlet | Found a runed translucent gate.
 13295 | Gauntlet | Found a transporter.
 13297 | Gauntlet | Found a transporter.
 13301 | Gauntlet | Found a runed translucent door.
 13302 | Gauntlet | Noticed a wretched star
 13303 | Gauntlet | Found a runed translucent door.
 13305 | Gauntlet | Found a transporter.
 13327 | Gauntlet | Found a transporter.
 13340 | Gauntlet | Found a transporter.
 13347 | Gauntlet | Found a transporter.
 13369 | Gauntlet | Found a transporter.
 13382 | Gauntlet | Found a transporter.
 13382 | Gauntlet | Found a transporter.
 13391 | Gauntlet | Found a transporter.
 13429 | Gauntlet | Found a transporter.
 13446 | Gauntlet | Found a transporter.
 13603 | Gauntlet | Paralysed by a floating eye for 2 turns
 13615 | Gauntlet | Reached skill level 11 in Crossbows
 13690 | Gauntlet | Got a warped ivory ring
 13692 | Gauntlet | Identified the ring "Vigolid" {rPois rC- Str+4 Dex+2} (You
                  | found it in a Gauntlet)
 13722 | Gauntlet | Noticed a minotaur
 13737 | Gauntlet | Killed a minotaur
 13737 | Gauntlet | Received a gift from Okawaru
 13849 | D:12     | Found a staircase to the Orcish Mines.
 13861 | D:12     | Found a roughly hewn altar of Beogh.
 13933 | D:12     | Noticed Jorgrun
 14104 | Lair:1   | Entered Level 1 of the Lair of Beasts
 14331 | Lair:1   | Noticed a six-headed hydra
 14341 | Lair:1   | Killed a six-headed hydra
 14341 | Lair:1   | Received a gift from Okawaru
 14464 | Lair:1   | Reached skill level 10 in Staves
 14484 | Lair:1   | Reached ****** piety under Okawaru
 14484 | Lair:1   | Received a gift from Okawaru
 15075 | Lair:2   | Noticed a four-headed hydra
 15088 | Lair:2   | Killed a four-headed hydra
 15235 | Lair:2   | Reached XP level 13. HP: 73/78 MP: 19/19
 15432 | Lair:2   | Reached skill level 12 in Crossbows
 16125 | Lair:2   | Received a gift from Okawaru
 16448 | Lair:2   | Received a gift from Okawaru
 16796 | Lair:3   | Received a gift from Okawaru
 17088 | Lair:3   | Found a staircase to the Shoals.
 17458 | Lair:3   | Reached XP level 14. HP: 84/84 MP: 20/20
 17819 | Lair:4   | Received a gift from Okawaru
 17856 | Lair:4   | Reached skill level 13 in Crossbows
 17963 | Lair:4   | Found a frozen archway.
 18024 | IceCv    | Entered an ice cave
 18064 | IceCv    | Received a gift from Okawaru
 18432 | IceCv    | Noticed a frost giant
 18469 | IceCv    | Killed a frost giant
 18588 | IceCv    | Identified the +7 battleaxe "Gukhal" {holy, rN+} (You found
                  | it in an ice cave)
 19063 | Lair:4   | Found a hole to the Spider Nest.
 19243 | Lair:4   | Reached skill level 10 in Armour
 19413 | Lair:4   | Found a runed translucent door.
 19435 | Lair:4   | Noticed a dire elephant
 19435 | Lair:4   | Noticed a dire elephant
 19722 | Lair:4   | Killed a dire elephant
 19792 | Lair:4   | Killed a dire elephant
 20208 | Lair:5   | Received a gift from Okawaru
 20891 | Lair:6   | Entered Level 6 of the Lair of Beasts
 20966 | Lair:6   | Reached XP level 15. HP: 66/91 MP: 22/22
 21027 | Lair:6   | Received a gift from Okawaru
 21046 | Lair:6   | Identified the +9 plate armour of Betetz {Regen+ rCorr
                  | Str+9 Dex-4} (Okawaru gifted it to you on level 6 of the
                  | Lair of Beasts)
 21462 | Lair:6   | Reached skill level 14 in Crossbows
 21758 | Lair:6   | Found a viscous altar of Jiyva.
 21759 | Lair:6   | Found a staircase to the Slime Pits.
 22028 | Lair:6   | Found a large runed translucent door.
 22028 | Lair:6   | Found a large runed translucent door.
 22501 | Lair:6   | Identified the cursed +1 plate armour of Yredelemnul's Envy
                  | {*Corrode rPois Str+7 Stlth+} (You found it on level 6 of
                  | the Lair of Beasts)
 22789 | D:12     | Killed Jorgrun
 22789 | D:12     | Received a gift from Okawaru
 22790 | D:12     | Reached skill level 10 in Fighting
 23555 | Orc:1    | Entered Level 1 of the Orcish Mines
 23708 | Orc:2    | Entered Level 2 of the Orcish Mines
 23907 | Orc:2    | Reached skill level 10 in Dodging
 23916 | Orc:2    | Reached skill level 10 in Evocations
 23952 | Orc:2    | Reached XP level 16. HP: 63/97 MP: 23/23
 24083 | Orc:2    | Received a gift from Okawaru
 24136 | Orc:2    | Found Lyugyru's Gadget Shoppe.
 24136 | Orc:2    | Found Saemm's Jewellery Boutique.
 24137 | Orc:2    | Found Poux's General Store.
 24137 | Orc:2    | Found Peibrocs's Magic Scroll Shoppe.
 24161 | Orc:2    | Bought a scroll of blinking for 112 gold pieces
 24161 | Orc:2    | Bought a scroll of blinking for 112 gold pieces
 24162 | Orc:2    | Bought a wand of acid (13) for 408 gold pieces
 24163 | Orc:2    | Bought a wand of acid (7) for 264 gold pieces
 24214 | Orc:2    | Found a bloodstained altar of Trog.
 24216 | Orc:2    | Noticed Hehehe's ghost (journeyman DDFi)
 24216 | Orc:2    | Identified the +7 morningstar "Atsy" {antimagic, *Rage rF+
                  | MP+9}
 24221 | Orc:2    | Found a transporter.
 24318 | Orc:2    | Found a transporter.
 24392 | Orc:2    | Identified the cursed +12 giant spiked club "No More
                  | Talking" {flame, rC+}
 24392 | Orc:2    | Identified the cursed +1 giant club "Hiac" {flame, rElec
                  | Str+4 Dex-2}
 24677 | Orc:2    | Found a staircase to the Elven Halls.
 25108 | Orc:2    | Received a gift from Okawaru
 25119 | Orc:2    | Reached skill level 15 in Crossbows
 25230 | Orc:2    | Killed Hehehe's ghost
 25400 | Orc:2    | Received a gift from Okawaru
 26134 | D:13     | Found a gate to the Vaults.
 26306 | D:14     | Found a runed translucent gate.
 26306 | D:14     | Found a runed translucent gate.
 26306 | D:14     | Found a runed translucent gate.
 26306 | D:14     | Noticed Uqorphet's ghost (journeyman DECj)
 26502 | D:14     | Noticed Nessos
 26508 | D:14     | Killed Nessos
 26509 | D:14     | Identified the cursed +0 tower shield "Opifuot" {rElec}
 26509 | D:14     | Noticed Louise
 26515 | D:14     | Killed Louise
 26743 | D:14     | Received a gift from Okawaru
 27063 | D:14     | HP: 12/99 [fire dragon/blast of flame (21)]
 27098 | D:14     | Noticed Agnes
 27101 | D:14     | HP: 9/99 [+0 halberd of venom (10)]
 27106 | D:14     | HP: 10/99 [poisoned by a +0 halberd of venom]
 27111 | D:14     | HP: 7/99 [poisoned by a +0 halberd of venom]
 27116 | D:14     | HP: 7/99 [poisoned by a +0 halberd of venom]
 27121 | D:13     | HP: 9/99 [poisoned by a +0 halberd of venom]
 27127 | D:13     | HP: 13/99 [poisoned by a +0 halberd of venom]
 27370 | D:14     | HP: 6/99 [Agnes/+0 lajatang of electrocution (12)]
 27370 | D:14     | Mangled by Agnes

Illustrated notes

Levels and vault maps discovered:
D:1:      beargit_arrival_greenhouse, layout_basic
D:2:      layout_basic, nzn_wu_jian_council_hall,
          chequers_ecumenical_altar_simple_redux, grunt_decor_arrowhead,
          st_stairs_8
D:3:      layout_basic, general_overflow_altar
D:4:      layout_loops_corners, st_stairs_5
D:5:      layout_basic, kennysheep_mini_moat, minmay_temple_entry_arrows,
          basic_altar, makhleb_altar_promises_db
D:6:      layout_basic, serial_bayou_pond_a, sigmund_army,
          uniq_crazy_yiuf_cottage
D:7:      layout_loops_cross
D:8:      layout_basic, lair_entry_dummy, basic_altar, gammafunk_ghost_hive,
          hangedman_decor_growths, interstate_on_off, minmay_strange_pillars,
          minmay_bent
D:9:      layout_basic, nicolae_gozag_seed_capital, serial_shops, shop,
          basic_altar
D:10:     layout_irregular_city, serial_shops, nicolae_shop_window_shopping,
          minmay_evil_grid
D:11:     layout_irregular_city, serial_shops, bzr_entry_road, kennysheep_donut,
          uniq_erolcha
D:12:     minmay_wizard_corner, layout_loops_ring,
          minmay_orc_entry_temple_small, gauntlet_entry_generic, serial_glass,
          glass_columns_a, glass_columns_b, elves_outpost_lemuel, uniq_jorgrun
D:13:     layout_roguey, david_vaults_1
D:14:     lemuel_traditional_vault, layout_irregular_city,
          gammafunk_ghost_hydra_chop, minmay_guarded_unrand_variability,
          uniq_agnes, uniq_louise, uniq_nessos
Temple:   minmay_crystal_spiral_temple
Lair:1:   layout_big_grid, grunt_megastairs_4
Lair:2:   wad_woods_minihive, layout_gridlike, forest_entry_grove,
          lemuel_fruit_fields
Lair:3:   layout_loops_ring, elwin_shoals_entry_rooms
Lair:4:   gammafunk_lair_enchanted_lake, layout_hall_layers,
          spider_nest_entry_a, portal_ice_cave_entry_ice_beasts,
          grunt_megastairs_2, infiniplex_staircase_pool_2
Lair:5:   layout_cave_pods
Lair:6:   cheibrodos_lair_end_hotspot, layout_regular_city,
          dpeg_slime_entry_enclosed_altar
Orc:1:    layout_caves
Orc:2:    st_orc_ogre_mass, layout_caves, gammafunk_ghost_wrathful_warriors,
          nicolae_orc_lava_tube, guppyfry_library_mini

Skill      XL: |  1  2  3  4  5  6  7  8  9 10 11 12 13 14 15 16 |
---------------+-------------------------------------------------+-----
Armour         | 1 2 3 6 7 8 9 10 11 | 11.6
Evocations     | 1 2 3 5 6 7 8 9 10 | 10.7
Invocations    | 1 2 5 6 7 8 9 |  9.9
Crossbows      | 5 6 9 10 11 12 13 14 15 | 15.5
Dodging        | 3 4 5 6 7 8 9 10 | 10.8
Fighting       | 3 6 7 8 9 10 | 10.8
Staves         | 6 7 8 9 10 11 12 13 14 | 14.0
Stealth        | |  1.0

Action                   |  1- 3 |  4- 6 |  7- 9 | 10-12 | 13-15 | 16-18 || total
-------------------------+-------+-------+-------+-------+-------+-------++-------
Melee: Short sword       |    76 |   105 |   139 |       |       |       ||   320
       Kick              |    13 |    20 |    50 |   200 |   287 |    19 ||   589
       Peck              |     9 |    11 |    35 |   112 |   187 |    11 ||   365
       Quarterstaff      |       |       |    44 |   439 |   540 |    28 ||  1051
       Triple crossbow   |       |       |       |       |       |     1 ||     1
 Fire: Hand crossbow     |     5 |    43 |    40 |   145 |    46 |       ||   279
       Arbalest          |       |       |       |       |   637 |   115 ||   752
       Triple crossbow   |       |       |       |       |       |   208 ||   208
Throw: Dart              |       |     6 |    35 |     1 |       |       ||    42
Invok: Heroism           |       |       |       |     4 |       |     1 ||     5
       Finesse           |       |       |       |     3 |       |     1 ||     4
 Abil: Fly               |       |     1 |       |       |       |       ||     1
Evoke: Wand              |       |       |       |       |     3 |       ||     3
  Use: Potion            |     1 |       |     6 |       |       |     9 ||    16
       Scroll            |       |       |    13 |     7 |    10 |     5 ||    35
 Stab: Sleeping          |     2 |       |       |       |       |       ||     2
       Paralysed         |       |       |       |     7 |    15 |       ||    22
       Distracted        |       |       |       |     1 |       |     1 ||     2
       Petrifying        |       |       |       |     4 |     7 |       ||    11
       Petrified         |       |       |       |     1 |     2 |       ||     3
       Confused          |       |       |       |     1 |     5 |       ||     6
Armor: Leather armour    |    25 |    14 |       |       |       |       ||    39
       Scale mail        |       |     7 |    66 |       |       |       ||    73
       Plate armour      |       |       |    10 |   116 |   202 |   167 ||   495
       Storm dragon scal |       |       |       |    89 |   355 |       ||   444
Dodge: Dodged            |    49 |    77 |   129 |   213 |   896 |   208 ||  1572
